 Dungeon Sprint DCSS version 0.27.1 (webtiles) character file.

Game seed: 5308334418370301870

5843 styxcanada the Imperceptible (level 10, -13/55 HPs)
             Began as a Spriggan Brigand on Aug 31, 2021.
             Was an Initiate of Gozag.
             Mangled by Agnes (23 damage)
             ... in the Dungeon (Sprint IV: "Fedhas' Mad Dash").
             The game lasted 00:12:04 (1434 turns).

styxcanada the Imperceptible (Spriggan Brigand)     Turns: 1434, Time: 00:12:05

Health: -13/55     AC: 14    Str: 14    XL:     10   Next: 51%
Magic:  10/11      EV: 26    Int: 19    God:    Gozag
Gold:   536        SH:  6    Dex: 24    Spells: 9/9 levels left

rFire    . . .     SeeInvis +   t - +2 dagger (speed)
rCold    . . .     Faith    .   u - +0 buckler
rNeg     . . .     Spirit   .   p - +3 acid dragon scales
rPois    +         Reflect  .   l - +2 hat
rElec    .         Harm     .   n - +1 cloak "Viupp" {rF- Str+7 Dex+4}
rCorr    +         Rampage  .   (gloves unavailable)
Will     +....     NoTele   +   (boots unavailable)
Stlth    +++++++++.             j - amulet of invisibility {+Inv}
HPRegen  0.18/turn              r - ring "Jisyfes" {Contam +Blink rPois rF+ Int+6}
MPRegen  0.12/turn              (no ring)

@: very slightly contaminated, invisible, very quick
A: very small, no large weapons, unfitting armour, see invisible, speed 3
a: Renounce Religion, Evoke Blink, Evoke Invisibility, Potion Petition, Call
Merchant, Bribe Branch


You were in the Dungeon.
You worshipped Gozag.
Gozag was pleased with you.
You visited 1 branch You collected 2416 gold pieces.
You spent 1880 gold pieces at shops.

Inventory:

Hand Weapons
 a - a +2 dagger
 t - a +2 dagger of speed (weapon)
Missiles
 d - 19 poisoned darts (quivered)
 e - 2 curare-tipped darts
 m - 26 stones
Armour
 b - a +0 robe
 c - a +0 cloak
 l - a +2 hat (worn)
 n - the +1 cloak "Viupp" (worn) {rF- Str+7 Dex+4}
   (You found it in the Dungeon)

   Str:       It affects your strength (+7).
   Dex:       It affects your dexterity (+4).
   rF:        It makes you vulnerable to fire.
 p - +3 acid dragon scales (worn)
 u - a +0 buckler (worn)
Jewellery
 j - the amulet of invisibility (around neck) {+Inv}
   (You found it in the Dungeon)

   [amulet of nothing]

   +Inv:      It lets you turn invisible.
 r - the ring "Jisyfes" (left hand) {Contam +Blink rPois rF+ Int+6}
   (You bought it in a shop in the Dungeon)

   [ring of intelligence]

   Int:       It affects your intelligence (+6).
   rF:        It protects you from fire.
   rPois:     It protects you from poison.
   +Blink:    It lets you blink.
   Contam:    It causes magical contamination when unequipped.
Wands
 s - a wand of flame (22)
Scrolls
 k - a scroll of blinking
 o - 2 scrolls of identify
 w - a scroll of enchant weapon
Potions
 f - a potion of curing
 g - 2 potions of heal wounds
 h - a potion of haste
 i - 2 potions of magic
Miscellaneous
 q - a condenser vane
 v - a phial of floods


   Skills:
 * Level 7.0 Fighting
 + Level 6.8 Short Blades
 + Level 5.2 Throwing
 * Level 5.4 Armour
 * Level 11.1 Dodging
 * Level 24.1 Stealth
 * Level 12.0 Evocations


You had 9 spell levels left.
You didn't know any spells.
Your spell library contained the following spells:

 Spells                   Type           Power      Damage    Failure   Level
 Sandblast                Erth           0%         2d4       43%         1
 Passwall                 Tmut/Erth      0%         N/A       56%         2
 Lee's Rapid Deconstruct  Erth           0%         3d5*      100%        5


Dungeon Overview and Level Annotations

Branches:
Dungeon (1/1)

Altars:
Cheibriados
Dithmenos
Elyvilon
Gozag
Hepliaklqana
Kikubaaqudgha
Makhleb
Nemelex Xobeh
Okawaru
Qazlal
Ru
Sif Muna
Trog
Uskayaw
Vehumet
Wu Jian
Xom
Yredelemnul
Zin
The Shining One
Beogh
Jiyva
Lugonu

Shops:
D [[=**[

Annotations:
D Agnes


Innate Abilities, Weirdness & Mutations

You are very small and have problems with some larger weapons.
You are too small for most types of armour.
You have supernaturally acute eyesight. (SInv)
You cover ground extremely quickly. (Speed+++)


Message History

There is an entrance to Qygedd's Armour Shoppe here.
There is an entrance to Dupeoge's General Store here.
You start resting.
HP restored.
w - a scroll of enchant weapon Thank you for shopping at Dupeoge's General Store!
Your hands tingle!
t - a +2 dagger of speed (weapon)
There is an open door here.
There is an open door here.
There is an open door here.
You fail to use your ability.
You fade into invisibility!
You are very lightly contaminated with residual magic.
As you open the door, it creaks loudly!
Agnes the Wanderer comes into view.
She is wielding a +2 lajatang of distortion.
Agnes shouts!
There is an open door here.
Throw: 21 darts (poison)
Press: ? - help, Q - select action, (/) - cycle Shift-Dir - straight line, f - Agnes
Aim: Agnes, wielding a +2 lajatang of distortion and wearing a +0 robe (41% to hit)
You throw a poisoned dart. The poisoned dart closely misses Agnes.
Throw: 20 darts (poison)
Press: ? - help, Q - select action, (/) - cycle Shift-Dir - straight line, f/p - Agnes
Aim: Agnes, wielding a +2 lajatang of distortion and wearing a +0 robe (41% to hit)
You throw a poisoned dart. The poisoned dart hits Agnes.
Agnes is poisoned.
Agnes hits you with a +2 lajatang of distortion!!
Ouch! That really hurt!
Space warps horribly around you!
* * * LOW HITPOINT WARNING * * *
Agnes completely misses you.
Unknown command.
There is an open door, spattered with blood here.
Things that are here:
a +0 rapier; a +0 robe Agnes mutters, "I never trained for this."
There is an open door here.
Agnes hits you with a +2 lajatang of distortion!!
You die...
Your body crumbles into a pile of gold.

.#.....#.⌠._._._._.⌠.#.)'.))#....
.'.#...'.._._._._._..'..#...#....
.#.#...#..._._._._...#..###'##...
#####'##.._._._._._..#..##∩∩.'...
...'...#._._._._._.⌠.############
...#...###################....).#
..######♣♣♣♣♣..♣.###.).['.......'
####..'......♣..♣##..#..#.P.....#
......#♣..♣♣♣.♣)@###.##'##.P....#
......#.♣♣..♣...♣i...#♣(♣########
######################...,,****
,,,,,,,,,,,,,* ***,.♣..♣,,,,***
,,,,,,,,,,,,,*****,,.♣....,,*,,,*
,,,,,,,,,,,,,,,,,,,..,♣(...,∩,∩,,
,,,,,,,,,,,,,,,***##**#####******
*+************** ******* *******
,,,,,,* ***,,*****,,,∩∩***,,,,,**


You could see Agnes (poisoned).

Vanquished Creatures
  A spriggan druid (D)
  6 oklob plants (D)
  A demonic crawler (D)
  3 wandering mushrooms (D)
  A queen bee (D)
  3 burning bushes (D)
  A hornet (D)
  3 scorpions (D)
  4 killer bees (D)
  5 oklob saplings (D)
  5 spriggans (D)
  A river rat (D)
  A rat (D)
  A ballistomycete spore (D)
36 creatures vanquished.

Vanquished Creatures (others)
  A fungus (D)
1 creature vanquished.

Grand Total: 37 creatures vanquished

Notes
Turn   | Place    | Note
-------+----------+-------------------------------------------
     0 | D        | styxcanada the Spriggan Brigand began the quest for the
                  | Orb.
     0 | D        | Reached XP level 1. HP: 10/10 MP: 2/2
    14 | D        | Reached skill level 7 in Stealth
    14 | D        | Reached XP level 2. HP: 15/15 MP: 3/3
    47 | D        | Noticed an oklob sapling
    51 | D        | Killed an oklob sapling
    52 | D        | Reached skill level 9 in Stealth
    52 | D        | Reached XP level 3. HP: 2/19 MP: 4/4
    80 | D        | Noticed a scorpion
    80 | D        | Found the amulet of invisibility {+Inv}
    82 | D        | Killed a scorpion
    83 | D        | Reached skill level 11 in Stealth
    83 | D        | Reached XP level 4. HP: 5/23 MP: 5/5
   350 | D        | Found an opulent altar of Gozag.
   350 | D        | Found a hazy altar of Hepliaklqana.
   350 | D        | Found a burning altar of Makhleb.
   350 | D        | Found a sparkling altar of Nemelex Xobeh.
   350 | D        | Found a snail-covered altar of Cheibriados.
   350 | D        | Found a sacrificial altar of Ru.
   350 | D        | Found a shimmering blue altar of Sif Muna.
   350 | D        | Found a shimmering altar of Xom.
   350 | D        | Found a basalt altar of Yredelemnul.
   351 | D        | Found a viscous altar of Jiyva.
   351 | D        | Found a bloodstained altar of Trog.
   351 | D        | Found an ornate altar of the Wu Jian Council.
   352 | D        | Found an iron altar of Okawaru.
   352 | D        | Found a shadowy altar of Dithmenos.
   352 | D        | Found a glowing silver altar of Zin.
   353 | D        | Found an ancient bone altar of Kikubaaqudgha.
   353 | D        | Found a hide-covered altar of Uskayaw.
   354 | D        | Found a stormy altar of Qazlal.
   354 | D        | Found a white marble altar of Elyvilon.
   354 | D        | Found a glowing golden altar of the Shining One.
   355 | D        | Became a worshipper of Gozag Ym Sagoz the Greedy
   356 | D        | Found a corrupted altar of Lugonu.
   356 | D        | Found a radiant altar of Vehumet.
   360 | D        | Reached skill level 13 in Stealth
   360 | D        | Reached skill level 1 in Evocations
   360 | D        | Reached XP level 5. HP: 28/28 MP: 3/6
   372 | D        | Reached skill level 5 in Dodging
   384 | D        | Reached skill level 14 in Stealth
   387 | D        | Reached skill level 15 in Stealth
   387 | D        | Reached XP level 6. HP: 33/33 MP: 3/7
   405 | D        | Found Ybbouham's Antique Armour Shop.
   406 | D        | Found Yghoqall's Armour Emporium.
   471 | D        | Noticed a burning bush
   471 | D        | Noticed a wandering mushroom
   472 | D        | Noticed a wandering mushroom
   475 | D        | Killed a burning bush
   476 | D        | Reached skill level 1 in Armour
   476 | D        | Reached skill level 16 in Stealth
   476 | D        | Killed a wandering mushroom
   477 | D        | Reached skill level 17 in Stealth
   477 | D        | Reached skill level 5 in Evocations
   477 | D        | Reached XP level 7. HP: 38/38 MP: 5/8
   477 | D        | Killed a wandering mushroom
   478 | D        | Reached skill level 5 in Short Blades
   478 | D        | Reached skill level 18 in Stealth
   492 | D        | Found Givvoap's General Store.
   492 | D        | Found Paymn's Jewellery Shoppe.
   495 | D        | Identified the +1 cloak "Viupp" {rF- Str+7 Dex+4}
   501 | D        | Bought a scroll of identify for 22 gold pieces
   501 | D        | Bought a scroll of identify for 22 gold pieces
   586 | D        | Bought +1 acid dragon scales for 470 gold pieces
   625 | D        | Reached XP level 8. HP: 42/42 MP: 6/9
   631 | D        | Noticed a queen bee
   638 | D        | Killed a queen bee
   639 | D        | Reached skill level 5 in Fighting
   639 | D        | Reached skill level 5 in Throwing
   639 | D        | Reached skill level 19 in Stealth
   691 | D        | Noticed an oklob plant
   694 | D        | Killed an oklob plant
   695 | D        | Reached skill level 20 in Stealth
   705 | D        | Noticed a burning bush
   708 | D        | Killed a burning bush
   709 | D        | Reached XP level 9. HP: 48/48 MP: 8/10
   754 | D        | Noticed a burning bush
   754 | D        | Noticed an oklob plant
   755 | D        | Noticed a wandering mushroom
   756 | D        | Killed a burning bush
   761 | D        | Killed an oklob plant
   762 | D        | Reached skill level 21 in Stealth
   765 | D        | Killed a wandering mushroom
   885 | D        | Bought the ring "Jisyfes" {Contam +Blink rPois rF+ Int+6}
                  | for 1015 gold pieces
   941 | D        | Noticed a spriggan druid
   943 | D        | Killed a spriggan druid
   944 | D        | Reached skill level 10 in Dodging
   944 | D        | Reached skill level 22 in Stealth
   944 | D        | Reached skill level 10 in Evocations
  1016 | D        | Noticed an oklob plant conjurer
  1017 | D        | Killed an oklob plant conjurer
  1092 | D        | Noticed an oklob plant
  1092 | D        | Noticed an oklob plant summoner
  1093 | D        | Noticed an oklob plant shifter
  1097 | D        | Killed an oklob plant
  1098 | D        | Reached XP level 10. HP: 53/53 MP: 8/11
  1099 | D        | Killed an oklob plant summoner
  1100 | D        | Reached skill level 23 in Stealth
  1102 | D        | Killed an oklob plant shifter
  1103 | D        | Reached skill level 5 in Armour
  1245 | D        | Noticed a spriggan rider
  1246 | D        | Found Dupeoge's General Store.
  1250 | D        | Found Qygedd's Armour Shoppe.
  1253 | D        | Killed a spriggan rider
  1254 | D        | Reached skill level 24 in Stealth
  1342 | D        | Bought 3 scrolls of enchant armour for 247 gold pieces
  1342 | D        | Bought a scroll of identify for 22 gold pieces
  1402 | D        | Bought a scroll of enchant weapon for 82 gold pieces
  1423 | D        | Noticed Agnes
  1434 | D        | Mangled by Agnes

Illustrated notes

Levels and vault maps discovered:
D:        dungeon_sprint_fedhas [sprint_temple]

Skill      XL: |  1  2  3  4  5  6  7  8  9 10 |
---------------+-------------------------------+-----
Fighting       | 2 3 4 5 6 7 |  7.0
Dodging        | 2 3 4 5 7 8 9 10 11 | 11.1
Stealth        | 7 9 11 13 15 17 18 20 22 24 | 24.1
Short Blades   | 3 4 5 6 |  6.8
Throwing       | 3 4 5 |  5.2
Evocations     | 1 3 5 6 8 10 12 | 12.0
Armour         | 2 3 4 5 |  5.4

Action                   |  1- 3 |  4- 6 |  7- 9 | 10-12 || total
-------------------------+-------+-------+-------+-------++-------
Melee: Dagger            |    12 |     7 |    18 |     8 ||    45
Throw: Dart              |     7 |       |       |    12 ||    19
 Abil: Evoke Invisibilit |       |     3 |     6 |     2 ||    11
       Evoke Blink       |       |       |       |     2 ||     2
  Use: Potion            |     1 |       |       |       ||     1
       Scroll            |       |       |     2 |     3 ||     5
 Stab: Sleeping          |     1 |     7 |    18 |     5 ||    31
Dodge: Dodged            |     4 |       |       |     9 ||    13
